 Dungeon Crawl Stone Soup version 0.29.1-12-g30fa7ad0bf (webtiles) character file.

Game seed: 5224993664803136754

5185 xzight the Blocker (level 10, 0/82 HPs)
             Began as a Gnoll Fighter on Dec 29, 2022.
             Was a Believer of Cheibriados.
             Slain by a molten gargoyle
             ... wielding a +0 flail
              (11 damage)
             ... on level 9 of the Dungeon.
             The game lasted 00:19:26 (8906 turns).

xzight the Blocker (Gnoll Fighter)                  Turns: 8906, Time: 00:19:28

Health: 0/82       AC: 19    Str: 27    XL:     10   Next: 60%
Magic:  18/18      EV: 11    Int: 18    God:    Cheibriados [**....]
Gold:   356        SH:  7    Dex: 18    Spells: 20/20 levels left

rFire   . . .      SeeInvis .   a - +0 trident
rCold   + . .      Faith    .   c - +0 buckler
rNeg    . . .      Spirit   .   d - +2 chain mail {rC+}
rPois   .          Reflect  .   s - +0 helmet
rElec   .          Harm     .   (no cloak)
rCorr   .          Rampage  .   (no gloves)
Will    .....                   C - +0 pair of boots
Stlth   ..........              A - amulet of regeneration
HPRegen 1.03/turn               T - +4 ring of protection
MPRegen 0.16/turn               S - +6 ring of strength

@: very slow
A: fangs 1, strong nose, distributed training
a: Renounce Religion, Bend Time


You were on level 9 of the Dungeon.
You worshipped Cheibriados.
Cheibriados was pleased with you.
You visited 2 branches of the dungeon, and saw 10 of its levels.

You collected 356 gold pieces.


Innate Abilities, Weirdness & Mutations

You have very sharp teeth.
Your uncanny sense of smell can sniff out nearby items.
Your experience applies equally to all skills.


   Skills:
 + Level 8.7 Fighting
 + Level 5.6 Short Blades
 + Level 5.6 Long Blades
 + Level 5.6 Axes
 + Level 5.6 Maces & Flails
 + Level 7.3 Polearms
 + Level 5.6 Staves
 + Level 5.6 Ranged Weapons
 + Level 5.6 Throwing
 + Level 8.7 Armour
 + Level 5.6 Dodging
 + Level 5.6 Stealth
 + Level 8.7 Shields
 + Level 5.6 Unarmed Combat
 + Level 5.6 Spellcasting
 + Level 4.6 Conjurations
 + Level 4.6 Hexes
 + Level 4.6 Summonings
 + Level 4.6 Necromancy
 + Level 4.6 Translocations
 + Level 4.6 Transmutations
 + Level 4.6 Fire Magic
 + Level 4.6 Ice Magic
 + Level 4.6 Air Magic
 + Level 4.6 Earth Magic
 + Level 4.6 Poison Magic
 + Level 6.2 Invocations
 + Level 5.6 Evocations


You had 20 spell levels left.
You didn't know any spells.
Your spell library contained the following spells:

 Spells                   Type           Power      Damage    Failure   Level
 Ensorcelled Hibernation  Hex/Ice        42%        N/A       17%         2
 Passwall                 Tmut/Erth      17%        N/A       17%         2
 Dazzling Flash           Conj/Hex       42%        N/A       32%         3
 Swiftness                Air            21%        N/A       32%         3
 Iskenderun's Mystic Bla  Conj/Tloc      21%        2d6       73%         4
 Starburst                Conj/Fire      10%        6d5       100%        6

Inventory:

Hand Weapons
 a - a +0 trident (weapon)
 G - a +4 trident of distortion
Missiles
 H - a throwing net {=f}
Armour
 c - a +0 buckler (worn)
 d - a +2 chain mail of cold resistance (worn)
 s - a +0 helmet (worn)
 C - a +0 pair of boots (worn)
Jewellery
 A - an amulet of regeneration (around neck)
 F - a ring of fire
 L - a ring of flight
 R - a ring of resist corrosion
 S - a +6 ring of strength (right hand)
 T - a +4 ring of protection (left hand)
Wands
 x - a wand of polymorph (4)
Scrolls
 b - a scroll of poison {unknown}
 h - 2 scrolls of immolation {unknown}
 j - a scroll of enchant armour {unknown}
 l - a scroll of amnesia {unknown}
 n - 2 scrolls of noise {unknown}
 q - 2 scrolls of blinking {unknown}
 r - a scroll of silence {unknown}
 t - 4 scrolls of teleportation {@r2}
 w - 2 scrolls of summoning
 y - a scroll of vulnerability {unknown}
 D - a scroll of identify {@r1}
Potions
 e - 6 potions of haste {@q3}
 f - 3 potions of ambrosia
 i - a potion of resistance {unknown}
 k - 3 potions of attraction
 m - 4 potions of curing {@q1}
 o - 5 potions of cancellation
 p - a potion of flight
 u - a potion of degeneration {unknown}
 v - a potion of brilliance {unknown}
 z - a potion of berserk rage {unknown}
 B - 2 potions of mutation {unknown}
 E - 3 potions of lignification {unknown}

Dungeon Overview and Level Annotations

Branches:
Dungeon (9/15)             Temple (1/1) D:4
   Lair: D:8-11         Orc: D:9-12

Altars:
Ashenzari
Cheibriados
Dithmenos
Elyvilon
Fedhas
Gozag
Hepliaklqana
Kikubaaqudgha
Makhleb
Nemelex Xobeh
Okawaru
Qazlal
Ru
Sif Muna
Trog
Uskayaw
Vehumet
Wu Jian
Xom
Yredelemnul
Zin
The Shining One

Shops:
D:1 (

Annotations:
D:3 1 runed translucent door, Crazy Yiuf

.≈ §≈≈ §≈≈≈
≈≈.▒
8§§..#######
§≈≈.▒.9...>###
§§≈..#.......#
▒...##9#.#
▒.#...#@#.#
#.#....#.#.#
#!...#.#.#
####.#.#.#
#.#.#.#
#.#.#.#
#.#)#.# ∆
#.....#
###.###


You could see a molten gargoyle.


Message History

The molten gargoyle blasts magma at you!
The bolt of magma misses you.
You hit the molten gargoyle but do no damage.
The molten gargoyle hits you but does no damage.
You hit the molten gargoyle.
The molten gargoyle is lightly damaged.
The molten gargoyle hits you with a +0 flail!
* * * LOW HITPOINT WARNING * * *
You are engulfed in flames!
* * * LOW HITPOINT WARNING * * *
You feel much better. The molten gargoyle barely misses you.
You barely miss the molten gargoyle.
The molten gargoyle is lightly damaged.
The molten gargoyle closely misses you.
You puncture the molten gargoyle!
You bite the molten gargoyle, but do no damage.
The molten gargoyle is heavily damaged.
The molten gargoyle completely misses you.
You hit the molten gargoyle but do no damage.
You bite the molten gargoyle, but do no damage.
The molten gargoyle is heavily damaged.
The molten gargoyle blasts magma at you!
The bolt of magma hits you!
* * * LOW HITPOINT WARNING * * *
You hit the molten gargoyle but do no damage.
The molten gargoyle is heavily damaged.
The molten gargoyle hits you with a +0 flail!
* * * LOW HITPOINT WARNING * * *
You are engulfed in flames!
You die...

Skill      XL: |  1  2  3  4  5  6  7  8  9 10 |
---------------+-------------------------------+-----
Invocations    | 1 2 3 4 5 6 |  6.2
Short Blades   | 1 2 3 5 |  5.6
Long Blades    | 1 2 3 5 |  5.6
Axes           | 1 2 3 5 |  5.6
Maces & Flails | 1 2 3 5 |  5.6
Staves         | 1 2 3 5 |  5.6
Ranged Weapons | 1 2 3 5 |  5.6
Throwing       | 1 2 3 5 |  5.6
Dodging        | 1 2 3 5 |  5.6
Stealth        | 1 2 3 5 |  5.6
Unarmed Combat | 1 2 3 5 |  5.6
Spellcasting   | 1 2 3 5 |  5.6
Evocations     | 1 2 3 5 |  5.6
Conjurations   | 1 2 3 4 |  4.6
Hexes          | 1 2 3 4 |  4.6
Summonings     | 1 2 3 4 |  4.6
Necromancy     | 1 2 3 4 |  4.6
Translocations | 1 2 3 4 |  4.6
Transmutations | 1 2 3 4 |  4.6
Fire Magic     | 1 2 3 4 |  4.6
Ice Magic      | 1 2 3 4 |  4.6
Air Magic      | 1 2 3 4 |  4.6
Earth Magic    | 1 2 3 4 |  4.6
Poison Magic   | 1 2 3 4 |  4.6
Polearms       | 5 6 7 |  7.3
Fighting       | 7 8 |  8.7
Armour         | 7 8 |  8.7
Shields        | 7 8 |  8.7

Action                   |  1- 3 |  4- 6 |  7- 9 | 10-12 || total
-------------------------+-------+-------+-------+-------++-------
Melee: Trident           |    82 |   135 |   340 |   203 ||   760
       Bite              |     6 |    13 |    27 |    25 ||    71
Evoke: Wand              |       |     1 |     8 |       ||     9
  Use: Potion            |       |     3 |     1 |     2 ||     6
       Scroll            |       |       |     7 |     1 ||     8
Armor: Scale mail        |    22 |    26 |    19 |       ||    67
       Chain mail        |       |       |   263 |   109 ||   372
Dodge: Dodged            |    26 |    29 |   115 |    96 ||   266
Block: Buckler           |    15 |    27 |    85 |    57 ||   184

Levels and vault maps discovered:
D:1:      kennysheep_arrival_seaside, layout_loops_ring, serial_shops, shop
D:2:      layout_basic, hellmonk_ecumenical_altar_dog_temple
D:3:      layout_basic, uniq_robin, uniq_natasha, uniq_crazy_yiuf_cottage
D:4:      layout_cave_pods, minmay_temple_entry_stoned_glass,
          chequers_serial_rivers_large_a, hex_large, kennysheep_generic_room_6,
          uniq_pikel, uniq_grinder
D:5:      layout_loops_ring, zin_academy, nrook_pool_corridor, uniq_edmund
D:6:      layout_basic, mainiacjoe_overflow_divided_tiny, serial_aquarium,
          aquarium_bridge_square [aquarium_subvault_window,
          aquarium_subvault_window, aquarium_subvault_bridge,
          aquarium_subvault_bridge], aquarium_bridge_square
          [aquarium_subvault_window, aquarium_subvault_bridge,
          aquarium_subvault_bridge, aquarium_subvault_wall], aquarium_window_1,
          aquarium_window_fake, aquarium_window_corner,
          aquarium_window_corridor_3, aquarium_view_2b, aquarium_balcony_3b,
          aquarium_pool_corner, chequers_serial_rivers_small_b,
          kennysheep_generic_room_11
D:7:      layout_loops_ring, grunt_decor_cap, serial_bayou_pond_d
D:8:      layout_gridville, serial_glass, glass_columns_a, glass_columns_a
D:9:      layout_basic, due_lair_maze_entry_diamond, minivault_8
Temple:   nicolae_temple_bog_church

Notes
Turn   | Place    | Note
-------+----------+-------------------------------------------
     0 | D:1      | xzight the Gnoll Fighter began the quest for the Orb.
     0 | D:1      | Reached XP level 1. HP: 23/23 MP: 1/1
    36 | D:1      | Found Gohy's Antique Weapon Boutique.
   440 | D:1      | Reached XP level 2. HP: 28/29 MP: 2/2
   930 | D:2      | Found a faded altar of an unknown god.
   973 | D:2      | Reached XP level 3. HP: 24/35 MP: 2/4
  1285 | D:2      | Reached skill level 1 in Invocations
  1724 | D:3      | Noticed Natasha
  1733 | D:3      | Killed Natasha
  1734 | D:3      | Reached skill level 1 in Short Blades
  1734 | D:3      | Reached skill level 1 in Long Blades
  1734 | D:3      | Reached skill level 1 in Axes
  1734 | D:3      | Reached skill level 1 in Maces & Flails
  1734 | D:3      | Reached skill level 1 in Staves
  1734 | D:3      | Reached skill level 1 in Ranged Weapons
  1734 | D:3      | Reached skill level 1 in Throwing
  1734 | D:3      | Reached skill level 1 in Dodging
  1734 | D:3      | Reached skill level 1 in Stealth
  1734 | D:3      | Reached skill level 1 in Unarmed Combat
  1734 | D:3      | Reached skill level 1 in Spellcasting
  1734 | D:3      | Reached skill level 1 in Evocations
  1734 | D:3      | Reached XP level 4. HP: 14/41 MP: 5/5
  1970 | D:3      | Noticed Robin
  1990 | D:3      | Noticed Natasha
  1994 | D:3      | Killed Natasha
  1995 | D:3      | Reached skill level 1 in Conjurations
  1995 | D:3      | Reached skill level 1 in Hexes
  1995 | D:3      | Reached skill level 1 in Summonings
  1995 | D:3      | Reached skill level 1 in Necromancy
  1995 | D:3      | Reached skill level 1 in Translocations
  1995 | D:3      | Reached skill level 1 in Transmutations
  1995 | D:3      | Reached skill level 1 in Fire Magic
  1995 | D:3      | Reached skill level 1 in Ice Magic
  1995 | D:3      | Reached skill level 1 in Air Magic
  1995 | D:3      | Reached skill level 1 in Earth Magic
  1995 | D:3      | Reached skill level 1 in Poison Magic
  2068 | D:3      | Killed Robin
  2098 | D:3      | Reached XP level 5. HP: 47/47 MP: 7/7
  2223 | D:3      | Noticed Natasha
  2232 | D:3      | Killed Natasha
  2312 | D:3      | Found a runed translucent door.
  2313 | D:3      | Noticed Crazy Yiuf
  2727 | D:4      | Noticed Grinder
  2745 | D:4      | Paralysed by Grinder for 3 turns
  2755 | D:4      | Killed Grinder
  2756 | D:4      | Reached skill level 2 in Short Blades
  2756 | D:4      | Reached skill level 2 in Long Blades
  2756 | D:4      | Reached skill level 2 in Axes
  2756 | D:4      | Reached skill level 2 in Maces & Flails
  2756 | D:4      | Reached skill level 5 in Polearms
  2756 | D:4      | Reached skill level 2 in Staves
  2756 | D:4      | Reached skill level 2 in Ranged Weapons
  2756 | D:4      | Reached skill level 2 in Throwing
  2756 | D:4      | Reached skill level 2 in Dodging
  2756 | D:4      | Reached skill level 2 in Stealth
  2756 | D:4      | Reached skill level 2 in Unarmed Combat
  2756 | D:4      | Reached skill level 2 in Spellcasting
  2756 | D:4      | Reached skill level 2 in Invocations
  2756 | D:4      | Reached skill level 2 in Evocations
  2756 | D:4      | Reached XP level 6. HP: 19/53 MP: 7/9
  3038 | D:4      | Found a staircase to the Ecumenical Temple.
  3063 | Temple   | Entered the Ecumenical Temple
  3225 | Temple   | Became a worshipper of Cheibriados the Contemplative
  3904 | D:4      | Noticed Pikel
  4105 | D:4      | Killed Pikel
  4106 | D:4      | Reached skill level 7 in Fighting
  4106 | D:4      | Reached skill level 7 in Armour
  4106 | D:4      | Reached skill level 7 in Shields
  4106 | D:4      | Reached skill level 2 in Conjurations
  4106 | D:4      | Reached skill level 2 in Hexes
  4106 | D:4      | Reached skill level 2 in Summonings
  4106 | D:4      | Reached skill level 2 in Necromancy
  4106 | D:4      | Reached skill level 2 in Translocations
  4106 | D:4      | Reached skill level 2 in Transmutations
  4106 | D:4      | Reached skill level 2 in Fire Magic
  4106 | D:4      | Reached skill level 2 in Ice Magic
  4106 | D:4      | Reached skill level 2 in Air Magic
  4106 | D:4      | Reached skill level 2 in Earth Magic
  4106 | D:4      | Reached skill level 2 in Poison Magic
  4106 | D:4      | Reached skill level 3 in Invocations
  4106 | D:4      | Reached XP level 7. HP: 18/60 MP: 9/11
  4425 | D:5      | Entered Level 5 of the Dungeon
  4448 | D:5      | Noticed a steam dragon
  4456 | D:5      | Reached skill level 3 in Short Blades
  4456 | D:5      | Reached skill level 3 in Long Blades
  4456 | D:5      | Reached skill level 3 in Axes
  4456 | D:5      | Reached skill level 3 in Maces & Flails
  4456 | D:5      | Reached skill level 3 in Staves
  4456 | D:5      | Reached skill level 3 in Ranged Weapons
  4456 | D:5      | Reached skill level 3 in Throwing
  4456 | D:5      | Reached skill level 3 in Dodging
  4456 | D:5      | Reached skill level 3 in Stealth
  4456 | D:5      | Reached skill level 3 in Unarmed Combat
  4456 | D:5      | Reached skill level 3 in Spellcasting
  4456 | D:5      | Reached skill level 3 in Evocations
  4456 | D:5      | Reached XP level 8. HP: 62/67 MP: 12/12
  5139 | D:5      | Found a glowing silver altar of Zin.
  5416 | D:5      | Noticed Edmund
  5449 | D:5      | Killed Edmund
  5450 | D:5      | Reached skill level 3 in Conjurations
  5450 | D:5      | Reached skill level 3 in Hexes
  5450 | D:5      | Reached skill level 3 in Summonings
  5450 | D:5      | Reached skill level 3 in Necromancy
  5450 | D:5      | Reached skill level 3 in Translocations
  5450 | D:5      | Reached skill level 3 in Transmutations
  5450 | D:5      | Reached skill level 3 in Fire Magic
  5450 | D:5      | Reached skill level 3 in Ice Magic
  5450 | D:5      | Reached skill level 3 in Air Magic
  5450 | D:5      | Reached skill level 3 in Earth Magic
  5450 | D:5      | Reached skill level 3 in Poison Magic
  5450 | D:5      | Reached skill level 4 in Invocations
  5787 | D:6      | Reached skill level 6 in Polearms
  5826 | D:6      | Noticed a wyvern
  5829 | D:6      | Killed a wyvern
  5830 | D:6      | Reached XP level 9. HP: 73/73 MP: 14/14
  5938 | D:6      | Reached skill level 4 in Short Blades
  5938 | D:6      | Reached skill level 4 in Long Blades
  5938 | D:6      | Reached skill level 4 in Axes
  5938 | D:6      | Reached skill level 4 in Maces & Flails
  5938 | D:6      | Reached skill level 4 in Staves
  5938 | D:6      | Reached skill level 4 in Ranged Weapons
  5938 | D:6      | Reached skill level 4 in Throwing
  5938 | D:6      | Reached skill level 4 in Dodging
  5938 | D:6      | Reached skill level 4 in Stealth
  5938 | D:6      | Reached skill level 4 in Unarmed Combat
  5938 | D:6      | Reached skill level 4 in Spellcasting
  5938 | D:6      | Reached skill level 4 in Evocations
  6200 | D:6      | Reached * piety under Cheibriados
  6820 | D:6      | Found a bloodstained altar of Trog.
  6821 | D:6      | Found a white marble altar of Elyvilon.
  7172 | D:7      | Reached skill level 8 in Fighting
  7172 | D:7      | Reached skill level 8 in Armour
  7172 | D:7      | Reached skill level 8 in Shields
  7206 | D:7      | Reached skill level 5 in Invocations
  7508 | D:7      | Reached skill level 4 in Conjurations
  7508 | D:7      | Reached skill level 4 in Hexes
  7508 | D:7      | Reached skill level 4 in Summonings
  7508 | D:7      | Reached skill level 4 in Necromancy
  7508 | D:7      | Reached skill level 4 in Translocations
  7508 | D:7      | Reached skill level 4 in Transmutations
  7508 | D:7      | Reached skill level 4 in Fire Magic
  7508 | D:7      | Reached skill level 4 in Ice Magic
  7508 | D:7      | Reached skill level 4 in Air Magic
  7508 | D:7      | Reached skill level 4 in Earth Magic
  7508 | D:7      | Reached skill level 4 in Poison Magic
  8016 | D:7      | Killed an unseen horror
  8017 | D:7      | Reached skill level 5 in Short Blades
  8017 | D:7      | Reached skill level 5 in Long Blades
  8017 | D:7      | Reached skill level 5 in Axes
  8017 | D:7      | Reached skill level 5 in Maces & Flails
  8017 | D:7      | Reached skill level 5 in Staves
  8017 | D:7      | Reached skill level 5 in Ranged Weapons
  8017 | D:7      | Reached skill level 5 in Throwing
  8017 | D:7      | Reached skill level 5 in Dodging
  8017 | D:7      | Reached skill level 5 in Stealth
  8017 | D:7      | Reached skill level 5 in Unarmed Combat
  8017 | D:7      | Reached skill level 5 in Spellcasting
  8017 | D:7      | Reached skill level 5 in Evocations
  8017 | D:7      | Reached XP level 10. HP: 73/81 MP: 17/17
  8146 | D:8      | Reached ** piety under Cheibriados
  8248 | D:8      | Reached skill level 7 in Polearms
  8722 | D:9      | Reached skill level 6 in Invocations
  8853 | D:9      | Noticed a molten gargoyle
  8866 | D:9      | Killed a molten gargoyle
  8890 | D:9      | Noticed a molten gargoyle
  8901 | D:9      | HP: 6/82 [molten gargoyle/+0 flail (8)]
  8906 | D:9      | Slain by a molten gargoyle

Vanquished Creatures
  Pikel (D:4)
  A molten gargoyle (D:9)
  An unseen horror (D:7)
  Grinder (D:4)
  2 wyverns
  6 yaks (D:9)
  A steam dragon (D:5)
  Edmund (D:5)
  An orc warrior (D:9)
  2 black bears
  3 ogres
  4 centaurs
  3 lemures (D:4)
  A kobold brigand (D:8)
  4 bullfrogs
  A necrophage (D:6)
  A gnoll sergeant (D:9)
  5 scorpions
  4 wights (D:7)
  3 killer bees (D:7)
  3 howler monkeys
  2 hounds
  A jelly (D:7)
  3 iguanas
  2 orc wizards
  Natasha (thrice) (D:3)
  Robin (D:3)
  A gnoll (D:9)
  7 adders
  A white imp (D:7)
  An ufetubus (D:5)
  12 orcs
  7 ball pythons
  4 endoplasms
  3 giant cockroaches
  14 goblins
  7 hobgoblins
  4 jackals
  4 quokkas
  3 bats
  A frilled lizard (D:2)
  6 kobolds
136 creatures vanquished.

Vanquished Creatures (collateral kills)
  2 gnolls (D:9)
2 creatures vanquished.

Vanquished Creatures (others)
  83 fungi
  38 plants (D:9)
121 creatures vanquished.

Grand Total: 259 creatures vanquished

Table legend: (Time is in decaauts)
 A = Elapsed time spent in this place.
 B = Non-inter-level travel time spent in this place.
 C = Inter-level travel time spent in this place.
 D = Time resting spent in this place.
 E = Time spent auto-exploring this place.
 F = Levels seen in this place.
 G = Mean time per level.
                   A        B        C        D        E       F      G
               +--------+--------+--------+--------+--------+-----+--------+
         Total |  10260 |   9782 |    478 |   1142 |   6839 |  10 | 1026.0 |
       Dungeon |  10076 |   9645 |    431 |   1142 |   6716 |   9 | 1119.6 |
        Temple |    184 |    137 |     47 |      0 |    123 |   1 |  184.0 |
               +--------+--------+--------+--------+--------+-----+--------+

Top non-repeatable levels by time:
     D:4: 1880 daAuts
     D:6: 1644 daAuts
     D:5: 1459 daAuts
     D:7: 1223 daAuts
     D:3: 987 daAuts
     D:2: 925 daAuts
     D:1: 776 daAuts
     D:8: 638 daAuts
     D:9: 541 daAuts
  Temple: 184 daAuts

Table legend:
 A = Non-vault XP
 B = Vault XP
 C = Vault XP percentage of total XP
 D = Non-vault monster count
 E = Vault monster count
 F = Vault count percentage of total count
                 A         B        C        D         E       F
            +---------+---------+-------+---------+---------+-------
      Total |    5615 |    1793 |  24.2 |     113 |      22 |  16.3
            +---------+---------+-------+---------+---------+-------
        D:1 |      21 |       0 |   0.0 |      12 |       0 |   0.0
        D:2 |      27 |       4 |  12.9 |      10 |       2 |  16.7
        D:3 |      83 |      75 |  47.5 |      10 |      14 |  58.3
        D:4 |      29 |     939 |  97.0 |       8 |       3 |  27.3
        D:5 |     623 |     171 |  21.5 |      14 |       1 |   6.7
        D:6 |    1126 |       0 |   0.0 |      14 |       0 |   0.0
        D:7 |    1562 |       0 |   0.0 |      18 |       0 |   0.0
        D:8 |     629 |       0 |   0.0 |      14 |       0 |   0.0
        D:9 |    1515 |     604 |  28.5 |      13 |       2 |  13.3
            +---------+---------+-------+---------+---------+-------
